 Dungeon Crawl Stone Soup version 0.31-a0-968-g24f9ace8b5 (webtiles) character file.

Game seed: 2715419322295845045

5312 FIREandBLOOD the Cleaver (level 10, 82/82 HPs)
             Began as a Formicid Fighter on Oct 27, 2023.
             Was an Elder of Okawaru.
             Quit the game on level 8 of the Dungeon.
             The game lasted 00:47:56 (7152 turns).

FIREandBLOOD the Cleaver (Formicid Fighter)         Turns: 7152, Time: 00:47:57

Health: 82/82      AC: 12    Str: 21    XL:     10   Next: 95%
Magic:  14/14      EV: 10    Int: 12    God:    Okawaru [****..]
Gold:   370        SH:  5    Dex: 13    Spells: 9/9 levels left

rFire   . . .        B - +3 war axe
rCold   + . .        c - +0 buckler
rNeg    . . .        s - +1 ring mail {Will+}
rPois   .            (helmet unavailable)
rElec   .            (no cloak)
rCorr   .            (no gloves)
SInv    +            r - +1 pair of boots
Will    ++...        e - amulet of regeneration
Stlth   +            k - +4 ring of protection
HPRegen 1.13/turn    z - ring of protection from cold
MPRegen 0.14/turn

%: no passive effects
@: no status effects
A: permanent stasis, dig shafts and tunnels, antennae 3, four strong arms
a: Dig, Shaft Self, Renounce Religion, Heroism, Finesse


You were on level 8 of the Dungeon.
You worshipped Okawaru.
Okawaru was greatly pleased with you.
You visited 2 branches of the dungeon, and saw 9 of its levels.
You also visited: Bailey.

You collected 370 gold pieces.

Inventory:

Hand Weapons
 a - a +0 war axe
 B - a +3 war axe (weapon)
 C - a +0 battleaxe of draining
Missiles
 f - 15 poisoned darts (quivered)
Armour
 b - a +0 scale mail
 c - a +0 buckler (worn)
 r - a +1 pair of boots (worn)
 s - a +1 ring mail of willpower (worn)
 u - the +8 ring mail "Tirofu" {-Cast rElec Str-5 Stlth+}
   (You found it on level 5 of the Dungeon)

   Str-5:     It affects your strength (-5).
   rElec:     It insulates you from electricity.
   -Cast:     It prevents spellcasting.
   Stlth+:    It makes you more stealthy.
 y - a scarf of invisibility
 A - a +0 cloak
 D - the +0 leather armour "Giurch" {+Inv MP-9 Dex+8 Slay+2}
   (You found it in a bailey)

   Dex+8:     It affects your dexterity (+8).
   Slay+2:    It affects your accuracy & damage with ranged weapons and melee
   (+2).
   MP-9:      It affects your magic capacity (-9).
   +Inv:      It lets you turn invisible.
Jewellery
 e - an amulet of regeneration (around neck)
 i - a ring of willpower
 k - a +4 ring of protection (left hand)
 m - a ring of positive energy
 q - an amulet of guardian spirit
 z - a ring of protection from cold (right hand)
 K - a ring of flight
 L - a ring of poison resistance
Wands
 h - a wand of quicksilver (12)
 v - a wand of roots (7)
 I - a wand of paralysis (6)
Scrolls
 l - 6 scrolls of identify
 n - a scroll of vulnerability
 p - a scroll of immolation {unknown}
 t - 3 scrolls of enchant weapon {unknown}
 x - a scroll of revelation {unknown}
 F - a scroll of fog
 J - a scroll of fear {unknown}
Potions
 d - a potion of attraction {unknown}
 g - 6 potions of curing {unknown}
 j - a potion of heal wounds
 o - 3 potions of ambrosia {unknown}
 w - a potion of brilliance {unknown}
 E - a potion of experience
 G - a potion of invisibility {unknown}
 H - a potion of cancellation {unknown}


   Skills:
 + Level 8.4 Fighting
 + Level 10.5 Axes
 - Level 3.2 Armour
 - Level 4.0 Shields
 + Level 5.5 Invocations
 - Level 8.6 Evocations


You had 9 spell levels left.
You didn't know any spells.
Your spell library contained the following spells:

 Spells                   Type           Power      Damage    Failure   Level
 Apportation              Tloc           0%         N/A       54%         1
 Jinxbite                 Hex            0%         N/A       69%         2
 Lesser Beckoning         Tloc           0%         N/A       69%         2
 Momentum Strike          Conj/Tloc      0%         3d8       69%         2
 Alistair's Intoxication  Tmut/Pois      0%         N/A       100%        5
 Lee's Rapid Deconstruct  Erth           0%         3d4*      100%        5
 Blink                    Tloc           Unusable   N/A       N/A         2
 Animate Armour           Summ/Erth      Unusable   N/A       N/A         4
 Summon Lightning Spire   Summ/Air       Unusable   N/A       N/A         4

Dungeon Overview and Level Annotations

Branches:
Dungeon (8/15)             Temple (1/1) D:5          Bailey (visited)
   Lair: D:8-11

Altars:
Ashenzari
Cheibriados
Dithmenos
Elyvilon
Fedhas
Gozag
Hepliaklqana
Kikubaaqudgha
Makhleb
Nemelex Xobeh
Okawaru
Qazlal
Ru
Sif Muna
Trog
Uskayaw
Vehumet
Wu Jian
Xom
Yredelemnul
Zin
The Shining One

Shops:
D:6 *

Annotations:
D:5 2 transporters, Menkaure; benadryl's ghost, novice DrFE
D:7 3 runed translucent doors, PowderKeg's ghost, novice DgSh
D:8 Amaemon


Innate Abilities, Weirdness & Mutations

You cannot be hasted, slowed, berserked, paralysed or teleported.
You can dig through walls and to a lower floor.
You have a pair of large antennae on your head. (SInv)
Your four strong arms can wield two-handed weapons with a shield.


Message History

You barely miss the troll. The troll barely misses you. x2
The troll claws you!
You slash the troll!
The troll is heavily wounded.
The troll bites you. You block the troll's attack.
The troll closely misses you.
You slash the troll!
The troll is severely wounded.
The troll barely misses you. The troll claws you. x2
You slash the troll!
The troll is almost dead.
You block the troll's attack. The troll claws you but does no damage.
The troll completely misses you.
You slash the troll!
You kill the troll!
Okawaru is honoured by your kill.
The troll leather armour is intact enough to wear.
Things that are here:
a +0 troll leather armour; a troll corpse An orange demon comes into view.
Things that are here:
a +0 club; a +0 ring mail
Press: ? - help, v - describe, . - travel, g - get item
Items here: a +0 dagger; a +0 leather armour.
The floor, spattered with blood.
An orange demon is nearby!
A hound comes into view.
The hound barks!
You hear a screech!
You hear a shout!
You slash the hound!
The hound is almost dead.
The hound closely misses you.
You slice the hound!!
You kill the hound!
Okawaru accepts your kill.
Level annotation: Amaemon Welcome back, FIREandBLOOD the Formicid Fighter.
Okawaru says: Bring me glory in combat!
Press ? for a list of commands and other information.
Okay, then.
Are you sure you want to abandon this character and quit the game? (Confirm with "yes".)

.##.......#...........#
.##.......#.####.##.#.#
.##.......#.# #.##.#.#
..........#.# #.##.#.#
.{.......)..####.##.#.##
....#.###)).........#..#
..{.#.......).##.#####.#
....##[##.###)##.# #.#
..........#.....@# #.#
#.####.#..).#.#..# #.#
...# #.#......#..# #.#
...# #....#####..# #.#
...# #....#...#.## #(#
...###.#..#.....# #.#
.....)).>.......######.##
....)..#..###...........#
...######## #############


There were no monsters in sight!

Vanquished Creatures
  An orc high priest (Bailey)
  An orc sorcerer (Bailey)
  A hornet (D:8)
  A troll (D:8)
  Prince Ribbit (D:7)
  2 steam dragons
  A water moccasin (D:8)
  14 orc warriors
  2 ice beasts
  A black bear (D:6)
  2 ogres
  A kobold brigand (D:8)
  A bullfrog (D:6)
  3 scorpions
  4 killer bees
  An electric eel (Bailey)
  2 howler monkeys (D:8)
  A jelly (D:6)
  A gnoll bouda (D:8)
  2 orc priests (D:8)
  7 hounds
  4 iguanas
  11 orc wizards
  14 gnolls
  4 adders
  2 white imps
  2 ufetubi (D:6)
  3 worms
  A dart slug (D:1)
  58 orcs
  5 endoplasms
  7 giant cockroaches
  25 goblins
  10 hobgoblins
  4 quokkas
  4 ball pythons
  8 bats
  2 frilled lizards
  10 kobolds
  2 rats (D:2)
226 creatures vanquished.

Notes
Turn   | Place    | Note
-------+----------+-------------------------------------------
     0 | D:1      | FIREandBLOOD the Formicid Fighter began the quest for the
                  | Orb.
     0 | D:1      | Reached XP level 1. HP: 18/18 MP: 1/1
   230 | D:1      | Reached XP level 2. HP: 24/24 MP: 2/2
  1056 | D:2      | Reached XP level 3. HP: 30/30 MP: 3/3
  1110 | D:2      | Reached skill level 3 in Axes
  1386 | D:2      | Reached XP level 4. HP: 37/37 MP: 4/4
  1783 | D:3      | Reached skill level 4 in Axes
  1851 | D:3      | Reached XP level 5. HP: 42/42 MP: 5/5
  2914 | D:4      | Reached XP level 6. HP: 50/50 MP: 6/6
  3188 | D:4      | Reached skill level 5 in Axes
  3193 | D:4      | Reached skill level 5 in Fighting
  3313 | D:5      | Entered Level 5 of the Dungeon
  3418 | D:5      | Noticed an ogre
  3471 | D:5      | Identified the +8 ring mail "Tirofu" {-Cast rElec Str-5
                  | Stlth+}
  3499 | D:5      | Found a staircase to the Ecumenical Temple.
  3513 | D:5      | Killed an ogre
  3514 | D:5      | Reached XP level 7. HP: 55/56 MP: 7/7
  3593 | D:5      | Reached skill level 6 in Axes
  3657 | D:5      | Noticed benadryl's ghost (novice DrFE)
  3658 | D:5      | Found a transporter.
  3687 | D:5      | Found a transporter.
  3745 | D:5      | Noticed Menkaure
  3758 | D:6      | Identified the of Fudawic
  3770 | D:6      | Reached skill level 1 in Evocations
  3895 | D:6      | Reached XP level 8. HP: 61/64 MP: 8/8
  3944 | Temple   | Entered the Ecumenical Temple
  4068 | Temple   | Became a worshipper of Warmaster Okawaru
  4506 | D:6      | Found a bloodstained altar of Trog.
  4552 | D:6      | Found Deurausmot's Assorted Antiques.
  4583 | D:6      | Found a stormy altar of Qazlal.
  4920 | D:7      | Noticed Prince Ribbit
  4940 | D:6      | Reached skill level 5 in Evocations
  4944 | D:6      | Reached * piety under Okawaru
  4945 | D:6      | Reached skill level 7 in Axes
  4988 | D:7      | Killed Prince Ribbit
  4989 | D:7      | Reached XP level 9. HP: 17/71 MP: 9/9
  5113 | D:7      | Reached skill level 8 in Axes
  5150 | D:7      | Reached ** piety under Okawaru
  5202 | D:7      | Found a runed translucent gate.
  5202 | D:7      | Noticed PowderKeg's ghost (novice DgSh)
  5203 | D:7      | Found a runed translucent gate.
  5204 | D:7      | Found a runed translucent gate.
  5272 | D:7      | Found a flagged portal.
  5279 | Bailey   | Entered a bailey
  5460 | Bailey   | Noticed an orc high priest
  5462 | Bailey   | Noticed a red devil
  5471 | Bailey   | Noticed a smoke demon
  5546 | Bailey   | Killed an orc high priest
  5547 | Bailey   | Reached skill level 9 in Axes
  5547 | Bailey   | Reached XP level 10. HP: 59/77 MP: 10/10
  5608 | Bailey   | Reached skill level 1 in Invocations
  5773 | Bailey   | Found an iron altar of Okawaru.
  5773 | Bailey   | Noticed an orc sorcerer
  5797 | Bailey   | Killed an orc sorcerer
  5797 | Bailey   | Reached *** piety under Okawaru
  5860 | Bailey   | Identified the +6 short sword of a bailey {drain, *Rage
                  | +Blink MP+9 Stlth+}
  5881 | Bailey   | Identified the +0 leather armour "Giurch" {+Inv MP-9 Dex+8
                  | Slay+2}
  6363 | D:8      | Reached skill level 10 in Axes
  6577 | D:8      | Reached **** piety under Okawaru
  6803 | D:8      | Reached skill level 5 in Invocations
  6997 | D:8      | Noticed Amaemon
  7129 | D:8      | Noticed an orange demon
  7152 | D:8      | Upgraded the game from 0.31-a0-965-g8a8ce12e04 to
                  | 0.31-a0-968-g24f9ace8b5
  7152 | D:8      | Quit the game

Illustrated notes

Levels and vault maps discovered:
D:1:      lemuel_arrival_lava_pool, layout_basic
D:2:      minmay_wonky_spiral, layout_loops_ring
D:3:      layout_loops_ring, dreamdust_princess_corridor
D:4:      layout_basic
D:5:      layout_loops_ring, minmay_temple_entry_glassed_door,
          gammafunk_ghost_arena, minmay_quadrilaterals, uniq_menkaure
D:6:      layout_loops_ring, trog_book, mainiacjoe_overflow_surrounded_room,
          serial_rivers, chequers_serial_rivers_room_a,
          chequers_serial_rivers_small_a, chequers_serial_rivers_micro_c,
          chequers_serial_rivers_large_b, chequers_serial_rivers_small_b,
          serial_shops, nicolae_square_shop, minmay_ogre_servants
D:7:      layout_rooms, enter_bailey_3, gammafunk_ghost_nasty_kobolds,
          uniq_prince_ribbit1
D:8:      lemuel_castle_with_subvaults [lemuel_castle_interior_carwin_2],
          layout_basic, special_room [special_room_orc], uniq_amaemon
Temple:   nicolae_temple_bog_church

Skill      XL: |  1  2  3  4  5  6  7  8  9 10 |
---------------+-------------------------------+-----
Axes           | 3 4 5 6 7 9 10 | 10.5
Fighting       | 4 5 6 8 |  8.4
Evocations     | 3 6 8 |  8.6
Invocations    | 5 |  5.5
Armour         | |  3.2
Shields        | |  4.0

Action                     |  1- 3 |  4- 6 |  7- 9 | 10-12 || total
---------------------------+-------+-------+-------+-------++-------
  Melee: War axe           |    94 |   138 |   251 |   217 ||   700
  Throw: Dart              |       |    23 |     4 |       ||    27
Ability: Dig               |       |       |     2 |       ||     2
  Evoke: Wand              |       |       |     7 |       ||     7
    Use: Scroll            |       |     6 |       |       ||     6
         Potion            |       |       |     5 |       ||     5
 Armour: Scale mail        |    57 |    77 |       |       ||   134
         Ring mail         |       |    29 |   283 |   128 ||   440
  Dodge: Dodged            |    44 |    57 |   153 |    83 ||   337
  Block: Buckler           |    18 |    28 |    68 |    37 ||   151

Table legend: (Time is in decaauts)
 A = Elapsed time spent in this place.
 B = Non-inter-level travel time spent in this place.
 C = Inter-level travel time spent in this place.
 D = Time resting spent in this place.
 E = Time spent auto-exploring this place.
 F = Levels seen in this place.
 G = Mean time per level.
                   A        B        C        D        E       F      G
               +--------+--------+--------+--------+--------+-----+--------+
         Total |   7319 |   7037 |    282 |    348 |   3034 |  10 |  731.9 |
       Dungeon |   6471 |   6189 |    282 |    243 |   2982 |   8 |  808.9 |
        Temple |    146 |    146 |      0 |      0 |      0 |   1 |  146.0 |
        Bailey |    701 |    701 |      0 |    105 |     52 |   1 |  701.0 |
               +--------+--------+--------+--------+--------+-----+--------+

Top non-repeatable levels by time:
     D:6: 1114 daAuts
     D:1: 1052 daAuts
     D:8: 918 daAuts
     D:3: 799 daAuts
     D:4: 786 daAuts
     D:2: 751 daAuts
  Bailey: 701 daAuts
     D:7: 572 daAuts
     D:5: 477 daAuts
  Temple: 146 daAuts
